 Dungeon Crawl Stone Soup version 0.28-a0-199-g298df9dbad (webtiles) character file.

Game seed: 9843319914393281209

86 willcat the Sneak (level 4, -1/28 HPs)
             Began as a Kobold Delver on Aug 19, 2021.
             Slain by an orc (3 damage)
             ... on level 6 of the Dungeon.
             The game lasted 00:00:42 (141 turns).

willcat the Sneak (Kobold Delver)                    Turns: 141, Time: 00:00:43

Health: -1/28      AC:  3    Str: 10    XL:     4   Next: 78%
Magic:  4/4        EV: 15    Int: 11    God:
Gold:   34         SH:  5    Dex: 16    Spells: 3/3 levels left

rFire   . . .      SeeInvis .   a - +0 short sword
rCold   . . .      Faith    .   (shield restricted)
rNeg    . . .      Spirit   .   b - +0 leather armour
rPois   .          Reflect  +   (no helmet)
rElec   .          Harm     .   (no cloak)
rCorr   .          Rampage  .   (no gloves)
Will    .....                   (no boots)
Stlth   ++++......              h - amulet of reflection
HPRegen 0.09/turn               (no ring)
MPRegen 0.09/turn               (no ring)

@: mighty, hasted, very quick
A: small, no large weapons, nightstalker 3
a: no special abilities


You were on level 6 of the Dungeon.
You visited 1 branch of the dungeon, and saw 2 of its levels.

You collected 34 gold pieces.

Inventory:

Hand Weapons
 a - a +0 short sword (weapon)
Armour
 b - a +0 leather armour (worn)
Jewellery
 h - an amulet of reflection (around neck)
Wands
 g - a wand of digging (3)
Scrolls
 c - a scroll of fog
 d - a scroll of magic mapping
 e - a scroll of fear


   Skills:
 - Level 3.2 Fighting
 + Level 4.1 Short Blades
 + Level 3.7 Dodging
 + Level 7.4 Stealth


You had 3 spell levels left.
You didn't know any spells.
Your spell library was empty.

Dungeon Overview and Level Annotations

Branches:
Dungeon (6/15)
 Temple: D:4-7

Altars:


Innate Abilities, Weirdness & Mutations

You are small and have problems with some larger weapons.
You are completely attuned to the shadows.


Message History

The orc priest is severely wounded.
The orc wizard gestures wildly while chanting.
The orc wizard flickers and vanishes!
Deactivating autopickup; reactivate with Ctrl-A.
Unknown command.
You hit the orc priest.
You kill the orc priest!
The orc priest hits you with a +0 club.
* * * LOW HITPOINT WARNING * * *
Your Short Blades skill increases to level 4!
Unknown command.
You closely miss the orc priest. Something hits you.
* * * LOW HITPOINT WARNING * * *
The orc closely misses you.
The orc priest hits you but does no damage.
Unknown command.
You hit the orc priest but do no damage.
You hear some strange, mumbled words.
A magic dart appears from out of thin air!
The magic dart hits you.
* * * LOW HITPOINT WARNING * * *
Unknown command.
You closely miss the orc priest. The orc closely misses you.
The orc priest completely misses you.
Unknown command.
You hit the orc priest.
The orc priest is heavily wounded.
You block something's attack.
Unknown command.
You barely miss the orc priest.
The orc priest is heavily wounded.
The orc priest looks encouraged for a moment.
The orc misses you.
Unknown command.
You puncture the orc priest!
You kill the orc priest!
Something hits you.
* * * LOW HITPOINT WARNING * * *
The orc hits you with a +0 hand axe.
You die...

#.######.# #.#......#
#####.##.....###
#.#...#.#........#
#.#.#.#.......##.#
#.#.#.#<......<#.#
###.#.....#.#.##.#.#
#.o{###.#.#.#......#
#.#@......>.####.###
#o##)#.##.#.........
.#o......#.....##....
#.....#...#........#..
#.....#...#)..........
....(..#.........#.....
###....#...†.###.##....
+....+...>.# .##....
#...#.# #....


You could see an orc.

Vanquished Creatures
  A scorpion (D:6)
  2 orc priests (D:6)
  An orc (D:6)
4 creatures vanquished.

Notes
Turn   | Place    | Note
-------+----------+-------------------------------------------
     0 | D:5      | willcat the Kobold Delver began the quest for the Orb.
     0 | D:5      | Reached XP level 1. HP: 14/14 MP: 1/1
     6 | D:5      | Noticed a gnoll shaman
    75 | D:6      | Noticed a scorpion
    95 | D:6      | Noticed an orc priest
    95 | D:6      | Noticed an orc priest
   109 | D:6      | Killed a scorpion
   110 | D:6      | Reached skill level 7 in Stealth
   110 | D:6      | Reached XP level 2. HP: 15/19 MP: 2/2
   110 | D:6      | Reached XP level 3. HP: 18/23 MP: 3/3
   110 | D:6      | Reached XP level 4. HP: 22/28 MP: 4/4
   141 | D:6      | Slain by an orc

Illustrated notes

Levels and vault maps discovered:
D:5:      layout_cave_pools, mainiacjoe_overflow_alcove_1, portal_sewer_entry_b
D:6:      layout_basic, mainiacjoe_overflow_six_doors_small,
          minmay_temple_entry_hall

Skill      XL: |  1  2  3  4 |
---------------+-------------+-----
Short Blades   | 3 4 |  4.1
Dodging        | 3 |  3.7
Stealth        | 7 |  7.4
Fighting       | |  3.2

Action                   |  1- 3 |  4- 6 || total
-------------------------+-------+-------++-------
Melee: Short sword       |    10 |    12 ||    22
  Use: Potion            |     1 |     1 ||     2
Armor: Leather armour    |       |     2 ||     2
Dodge: Dodged            |     6 |     6 ||    12
Block: Other             |     4 |     1 ||     5

Table legend: (Time is in decaauts)
 A = Elapsed time spent in this place.
 B = Non-inter-level travel time spent in this place.
 C = Inter-level travel time spent in this place.
 D = Time resting spent in this place.
 E = Time spent auto-exploring this place.
 F = Levels seen in this place.
 G = Mean time per level.
                   A        B        C        D        E       F      G
               +--------+--------+--------+--------+--------+-----+--------+
         Total |    136 |    136 |      0 |      0 |     60 |   2 |   68.0 |
       Dungeon |    136 |    136 |      0 |      0 |     60 |   2 |   68.0 |
               +--------+--------+--------+--------+--------+-----+--------+

Top non-repeatable levels by time:
     D:6: 123 daAuts
     D:5: 13 daAuts
